Rangers vs Flyers

Created - November 26 2011 at 17:09

Goals
1 2 3 T
Rangers 1 1 1 3
Flyers 0 2 0 2
Shots
1 2 3 T
Rangers 3 7 9 19
Flyers 12 11 10 33

Period #1

1. Rangers , Nikolai Kulemin 9 (Ian White, Jay Bouwmeester) at 3:23

Penalties :
Andrej Sekera (PHI) for Interference (Minor) at 1:23, Nikolai Zherdev (NYR) for Hooking (Minor) at 3:34, Mark Recchi (NYR) for Holding (Minor) at 7:34, Nikolai Kulemin (NYR) for Tripping (Minor) at 14:15, Andrei Kostitsyn (NYR) for High sticking (Minor) at 16:39

Period #2

2. Flyers , Pascal Dupuis 3 (Justin Williams, Brendan Morrison) at 0:04
3. Flyers , Pascal Dupuis 4 (Justin Williams, Kevin Bieksa) at 11:48 (PP)
4. Rangers , Lubomir Visnovsky 8 (Jay Bouwmeester, Niklas Backstrom) at 16:30 (PP)

Penalties :
Francis Bouillon (NYR) for Interference (Minor) at 8:34, Keith Ballard (NYR) for Hooking (Minor) at 9:51, Jay Bouwmeester (NYR) for Hooking (Minor) at 13:29, Randy Jones (PHI) for Roughing (Minor) at 16:01

Period #3

5. Rangers , Dan Cleary 16 (Henrik Sedin, Mike Cammalleri) at 9:13

Penalties :
Andrei Kostitsyn (NYR) for Slashing (Minor) at 2:22, Rostislav Klesla (PHI) for Holding (Minor) at 11:09, Pascal Dupuis (PHI) for Roughing (Minor) at 16:40

Goalie Stats

Niklas Backstrom (NYR), 31 saves from 33 shots - (0.939), W, 15-10-1, 60:00 minutes
Tomas Vokoun (PHI), 16 saves from 19 shots - (0.842), L, 10-10-2, 59:54 minutes

Players Stats

Rangers
Player Name              G  A  P  +/- PIM S  H  SB FO    MP 
------------------------------------------------------------
Andrei Kostitsyn         0  0  0   0  4   0  3  0  1/1   16 
Cal Clutterbuck          0  0  0   0  0   0  0  0  0/0   6  
Dan Cleary               1  0  1   0  0   1  0  0  1/1   13 
Francis Bouillon         0  0  0   0  2   0  3  1  0/0   20 
Guillaume Latendresse    0  0  0   0  0   1  0  1  0/0   8  
Henrik Sedin             0  1  1   0  0   3  0  0  15/31 19 
Ian White                0  1  1   0  0   1  1  1  0/0   20 
Jay Bouwmeester          0  2  2   0  2   0  1  3  0/0   24 
Keith Ballard            0  0  0   1  2   0  0  2  0/0   14 
Lubomir Visnovsky        1  0  1   0  0   3  0  0  0/0   24 
Mark Recchi              0  0  0   1  2   0  1  1  2/2   15 
Mike Cammalleri          0  1  1   0  0   1  1  0  1/2   12 
Mike Weaver              0  0  0   1  0   1  0  0  0/0   16 
Mikko Koivu              0  0  0   0  0   2  0  0  10/18 19 
Nikolai Kulemin          1  0  1   0  2   4  0  0  0/0   17 
Nikolai Zherdev          0  0  0   1  2   0  0  0  0/0   8  
Scott Gomez              0  0  0   1  0   2  1  0  8/15  18 
Tom Pyatt                0  0  0   0  0   0  0  0  2/10  13 
Flyers
Player Name              G  A  P  +/- PIM S  H  SB FO    MP 
------------------------------------------------------------
Andrei Markov            0  0  0  -1  0   2  0  5  0/0   21 
Andrej Sekera            0  0  0  -1  2   3  3  1  0/0   21 
Brandon McMillan         0  0  0   0  0   0  1  0  0/0   7  
Brendan Morrison         0  1  1   1  0   1  0  0  13/25 21 
John Madden              0  0  0  -1  0   0  0  0  8/15  14 
Justin Williams          0  2  2   1  0   5  1  0  1/3   23 
Kevin Bieksa             0  1  1   1  0   1  4  0  0/0   21 
Kyle Brodziak            0  0  0   0  0   0  0  0  4/4   4  
Ladislav Smid            0  0  0   1  0   1  1  1  0/0   23 
Lee Stempniak            0  0  0  -1  0   2  0  0  0/0   14 
Niklas Hagman            0  0  0  -1  0   1  0  0  0/0   13 
Pascal Dupuis            2  0  2   1  2   5  3  1  0/4   20 
Petr Prucha              0  0  0   0  0   0  0  0  0/0   0  
Radim Vrbata             0  0  0  -1  0   7  1  0  1/1   20 
Raffi Torres             0  0  0  -1  0   2  3  0  0/0   18 
Randy Jones              0  0  0  -1  2   1  2  2  0/0   15 
Rostislav Klesla         0  0  0  -1  2   0  0  1  0/0   17 
Tim Connolly             0  0  0  -1  0   2  1  0  13/28 21 

3 Stars

1 - Pascal Dupuis (PHI)
2 - Justin Williams (PHI)
3 - Kevin Bieksa (PHI)

Power Play

Rangers - 1 on 4 Attempt(s) - 25.00%
Flyers - 1 on 8 Attempt(s) - 12.50%

Penalty Kill

Rangers - 7 on 8 Attempt(s) - 87.50% - Score 0 goal in Penalty Kill
Flyers - 3 on 4 Attempt(s) - 75.00% - Score 0 goal in Penalty Kill

Game Notes

Andrei Kostitsyn is injured at 15:47 of 3rd period (Strained Left Knee)

Finance

Level 1 -- Attendance: 5290 (81.38%) -- Ticket Income $502,550.00
Level 2 -- Attendance: 4296 (85.92%) -- Ticket Income $231,984.00
Level 3 -- Attendance: 2877 (82.20%) -- Ticket Income $100,695.00
Level 4 -- Attendance: 3029 (85.64%) -- Ticket Income $45,435.00
Luxury Box -- Attendance: 791 (79.10%) -- Ticket Income $151,872.00
Game was played at the Wells Fargo Center
Total Attendance: 16283 (83.34%)
Total Ticket Income: $1,087,267.00
Other Income: $195,308.10
Total Income: $1,282,575.00


Play by Play

Period #1

0:01 of 1st period - Brendan Morrison wins face-off versus Henrik Sedin in neutral zone.
0:41 of 1st period - Icing by Jay Bouwmeester.
0:42 of 1st period - Tim Connolly wins face-off versus Henrik Sedin in Rangers zone.
0:52 of 1st period - Lubomir Visnovsky is hit by Andrej Sekera and loses puck.
1:23 of 1st period - Minor Penalty to Andrej Sekera for Interference.
1:24 of 1st period - Henrik Sedin wins face-off versus Justin Williams in Flyers zone.
1:25 of 1st period - Shot by Nikolai Kulemin.
1:25 of 1st period - Stopped by Tomas Vokoun without a rebound.
1:26 of 1st period - Justin Williams wins face-off versus Henrik Sedin in Flyers zone.
1:47 of 1st period - Shot by Ian White.
1:47 of 1st period - Shot Blocked by Andrei Markov.
2:09 of 1st period - Shot by Justin Williams.
2:09 of 1st period - Shot Misses the Net.
2:11 of 1st period - Shot by Ladislav Smid.
2:11 of 1st period - Stopped by Niklas Backstrom without a rebound.
2:12 of 1st period - Mikko Koivu wins face-off versus Tim Connolly in Rangers zone.
2:14 of 1st period - Icing by Mike Cammalleri.
2:15 of 1st period - Tim Connolly wins face-off versus Mikko Koivu in Rangers zone.
2:15 of 1st period - Tim Connolly is hit by Francis Bouillon.
2:53 of 1st period - Shot by Mike Cammalleri.
2:53 of 1st period - Shot Blocked by Pascal Dupuis.
2:55 of 1st period - Shot by Mike Cammalleri.
2:55 of 1st period - Shot Misses the Net.
3:23 of 1st period - Shot by Nikolai Kulemin.
3:23 of 1st period - Goal by Nikolai Kulemin - Rangers : 1 - Flyers : 0.
3:24 of 1st period - Mark Recchi wins face-off versus John Madden in neutral zone.
3:34 of 1st period - Minor Penalty to Nikolai Zherdev for Hooking.
3:35 of 1st period - Henrik Sedin wins face-off versus Brendan Morrison in Rangers zone.
3:48 of 1st period - Shot by Brendan Morrison.
3:48 of 1st period - Stopped by Niklas Backstrom without a rebound.
3:49 of 1st period - Scott Gomez wins face-off versus Brendan Morrison in Rangers zone.
5:04 of 1st period - Shot by Kevin Bieksa.
5:04 of 1st period - Shot Misses the Net.
5:06 of 1st period - Shot by Pascal Dupuis.
5:06 of 1st period - Shot Misses the Net.
5:08 of 1st period - Shot by Pascal Dupuis.
5:08 of 1st period - Stopped by Niklas Backstrom without a rebound.
5:09 of 1st period - Henrik Sedin wins face-off versus Tim Connolly in Rangers zone.
5:42 of 1st period - Icing by Randy Jones.
5:43 of 1st period - John Madden wins face-off versus Mikko Koivu in Flyers zone.
5:43 of 1st period - John Madden is hit by Andrei Kostitsyn.
6:01 of 1st period - Shot by Lee Stempniak.
6:01 of 1st period - Stopped by Niklas Backstrom with a rebound.
6:43 of 1st period - Jay Bouwmeester is hit by Justin Williams.
7:02 of 1st period - Lubomir Visnovsky is hit by Kevin Bieksa and loses puck.
7:34 of 1st period - Minor Penalty to Mark Recchi for Holding.
7:35 of 1st period - Henrik Sedin wins face-off versus Tim Connolly in Rangers zone.
7:35 of 1st period - Henrik Sedin is hit by Tim Connolly.
8:57 of 1st period - Shot by Radim Vrbata.
8:57 of 1st period - Shot Misses the Net.
8:59 of 1st period - Shot by Andrei Markov.
8:59 of 1st period - Stopped by Niklas Backstrom with a rebound.
9:01 of 1st period - Shot by Andrej Sekera.
9:01 of 1st period - Shot Misses the Net.
9:03 of 1st period - Shot by Tim Connolly.
9:03 of 1st period - Stopped by Niklas Backstrom with a rebound.
9:05 of 1st period - Shot by Andrej Sekera.
9:05 of 1st period - Stopped by Niklas Backstrom with a rebound.
9:09 of 1st period - Shot by Raffi Torres.
9:09 of 1st period - Stopped by Niklas Backstrom without a rebound.
9:10 of 1st period - Scott Gomez wins face-off versus John Madden in Rangers zone.
9:10 of 1st period - Scott Gomez is hit by Brandon McMillan.
9:53 of 1st period - Shot by Nikolai Kulemin.
9:53 of 1st period - Shot Blocked by Randy Jones.
9:55 of 1st period - Shot by Mikko Koivu.
9:55 of 1st period - Shot Misses the Net.
9:57 of 1st period - Shot by Mikko Koivu.
9:57 of 1st period - Shot Misses the Net.
10:52 of 1st period - Andrej Sekera is hit by Mark Recchi and loses puck.
11:02 of 1st period - Tim Connolly is hit by Jay Bouwmeester.
11:14 of 1st period - Shot by Pascal Dupuis.
11:14 of 1st period - Shot Misses the Net.
11:16 of 1st period - Shot by Justin Williams.
11:16 of 1st period - Shot Misses the Net.
11:18 of 1st period - Shot by Brendan Morrison.
11:18 of 1st period - Shot Misses the Net.
11:20 of 1st period - Shot by Kevin Bieksa.
11:20 of 1st period - Shot Blocked by Jay Bouwmeester.
11:22 of 1st period - Shot by Pascal Dupuis.
11:22 of 1st period - Stopped by Niklas Backstrom without a rebound.
11:23 of 1st period - Kyle Brodziak wins face-off versus Tom Pyatt in Rangers zone.
11:31 of 1st period - Off-side.
11:32 of 1st period - Brendan Morrison wins face-off versus Mikko Koivu in neutral zone.
11:55 of 1st period - Shot by Mikko Koivu.
11:55 of 1st period - Shot Misses the Net.
12:09 of 1st period - Shot by Nikolai Kulemin.
12:09 of 1st period - Shot Blocked by Ladislav Smid.
13:13 of 1st period - Shot by Scott Gomez.
13:13 of 1st period - Stopped by Tomas Vokoun with a rebound.
14:15 of 1st period - Minor Penalty to Nikolai Kulemin for Tripping.
14:16 of 1st period - Henrik Sedin wins face-off versus Brendan Morrison in Rangers zone.
16:13 of 1st period - Off-side.
16:14 of 1st period - John Madden wins face-off versus Henrik Sedin in neutral zone.
16:39 of 1st period - Minor Penalty to Andrei Kostitsyn for High sticking.
16:40 of 1st period - Tim Connolly wins face-off versus Henrik Sedin in Rangers zone.
16:51 of 1st period - Shot by Radim Vrbata.
16:51 of 1st period - Stopped by Niklas Backstrom without a rebound.
16:52 of 1st period - Scott Gomez wins face-off versus Brendan Morrison in Rangers zone.
17:38 of 1st period - Shot by Andrei Markov.
17:38 of 1st period - Shot Misses the Net.
17:52 of 1st period - Shot by Andrei Markov.
17:52 of 1st period - Stopped by Niklas Backstrom with a rebound.
17:54 of 1st period - Shot by Andrej Sekera.
17:54 of 1st period - Stopped by Niklas Backstrom without a rebound.
17:55 of 1st period - Henrik Sedin wins face-off versus Brendan Morrison in Rangers zone.
18:43 of 1st period - Icing by Francis Bouillon.
18:44 of 1st period - John Madden wins face-off versus Mikko Koivu in Rangers zone.
18:47 of 1st period - Shot by Lee Stempniak.
18:47 of 1st period - Shot Misses the Net.
19:10 of 1st period - Icing by Ian White.
19:11 of 1st period - Kyle Brodziak wins face-off versus Mikko Koivu in Rangers zone.
19:49 of 1st period - Icing by Tom Pyatt.
19:50 of 1st period - Tim Connolly wins face-off versus Tom Pyatt in Rangers zone.
19:53 of 1st period - Shot by Andrei Markov.
19:53 of 1st period - Shot Blocked by Guillaume Latendresse.

Period #2

0:01 of 2nd period - Brendan Morrison wins face-off versus Henrik Sedin in neutral zone.
0:04 of 2nd period - Shot by Pascal Dupuis.
0:04 of 2nd period - Goal by Pascal Dupuis - Rangers : 1 - Flyers : 1.
0:05 of 2nd period - Mikko Koivu wins face-off versus Tim Connolly in neutral zone.
0:12 of 2nd period - Shot by Mikko Koivu.
0:12 of 2nd period - Deflect By Nikolai Kulemin.
0:12 of 2nd period - Shot Misses the Net.
0:16 of 2nd period - Shot by Nikolai Kulemin.
0:16 of 2nd period - Shot Misses the Net.
0:18 of 2nd period - Shot by Mikko Koivu.
0:18 of 2nd period - Deflect By Nikolai Kulemin.
0:18 of 2nd period - Shot Blocked by Andrei Markov.
0:20 of 2nd period - Shot by Mikko Koivu.
0:20 of 2nd period - Shot Misses the Net.
0:24 of 2nd period - Shot by Ian White.
0:24 of 2nd period - Shot Misses the Net.
0:26 of 2nd period - Shot by Mikko Koivu.
0:26 of 2nd period - Shot Blocked by Andrei Markov.
0:30 of 2nd period - Shot by Andrei Kostitsyn.
0:30 of 2nd period - Shot Blocked by Andrei Markov.
0:46 of 2nd period - Shot by Mikko Koivu.
0:46 of 2nd period - Stopped by Tomas Vokoun without a rebound.
0:47 of 2nd period - Brendan Morrison wins face-off versus Henrik Sedin in Flyers zone.
0:49 of 2nd period - Icing by Justin Williams.
0:50 of 2nd period - Henrik Sedin wins face-off versus Brendan Morrison in Flyers zone.
1:21 of 2nd period - Shot by Justin Williams.
1:21 of 2nd period - Stopped by Niklas Backstrom without a rebound.
1:22 of 2nd period - Scott Gomez wins face-off versus John Madden in Rangers zone.
1:52 of 2nd period - Icing by Rostislav Klesla.
1:53 of 2nd period - John Madden wins face-off versus Mikko Koivu in Flyers zone.
1:59 of 2nd period - Off-side.
2:00 of 2nd period - Tim Connolly wins face-off versus Tom Pyatt in neutral zone.
2:11 of 2nd period - Off-side.
2:12 of 2nd period - Andrei Kostitsyn wins face-off versus Brendan Morrison in neutral zone.
2:23 of 2nd period - Icing by Kevin Bieksa.
2:24 of 2nd period - Henrik Sedin wins face-off versus Brendan Morrison in Flyers zone.
3:07 of 2nd period - Henrik Sedin is hit by Raffi Torres and loses puck.
3:27 of 2nd period - Shot by Mikko Koivu.
3:27 of 2nd period - Shot Blocked by Andrej Sekera.
3:29 of 2nd period - Shot by Ian White.
3:29 of 2nd period - Shot Misses the Net.
4:12 of 2nd period - Off-side.
4:13 of 2nd period - Kyle Brodziak wins face-off versus Scott Gomez in neutral zone.
4:21 of 2nd period - Scott Gomez is hit by Randy Jones and loses puck.
4:51 of 2nd period - Off-side.
4:52 of 2nd period - John Madden wins face-off versus Tom Pyatt in neutral zone.
5:14 of 2nd period - Shot by Lee Stempniak.
5:14 of 2nd period - Stopped by Niklas Backstrom with a rebound.
5:51 of 2nd period - Shot by Nikolai Kulemin.
5:51 of 2nd period - Stopped by Tomas Vokoun without a rebound.
5:52 of 2nd period - Scott Gomez wins face-off versus Tim Connolly in Flyers zone.
6:07 of 2nd period - Shot by Mark Recchi.
6:07 of 2nd period - Shot Misses the Net.
7:13 of 2nd period - Shot by Randy Jones.
7:13 of 2nd period - Stopped by Niklas Backstrom without a rebound.
7:14 of 2nd period - Henrik Sedin wins face-off versus Brendan Morrison in Rangers zone.
7:27 of 2nd period - Shot by Henrik Sedin.
7:27 of 2nd period - Stopped by Tomas Vokoun with a rebound.
7:31 of 2nd period - Shot by Henrik Sedin.
7:31 of 2nd period - Stopped by Tomas Vokoun without a rebound.
7:32 of 2nd period - John Madden wins face-off versus Mikko Koivu in Flyers zone.
7:41 of 2nd period - Shot by Ian White.
7:41 of 2nd period - Stopped by Tomas Vokoun without a rebound.
7:42 of 2nd period - Tom Pyatt wins face-off versus Tim Connolly in Flyers zone.
7:42 of 2nd period - Lubomir Visnovsky is hit by Andrej Sekera and loses puck.
7:58 of 2nd period - Lubomir Visnovsky is hit by Andrej Sekera and loses puck.
8:34 of 2nd period - Minor Penalty to Francis Bouillon for Interference.
8:35 of 2nd period - Henrik Sedin wins face-off versus Pascal Dupuis in Rangers zone.
8:35 of 2nd period - Lubomir Visnovsky is hit by Pascal Dupuis and loses puck.
9:00 of 2nd period - Shot by Justin Williams.
9:00 of 2nd period - Stopped by Niklas Backstrom without a rebound.
9:01 of 2nd period - Brendan Morrison wins face-off versus Henrik Sedin in Rangers zone.
9:28 of 2nd period - Shot by Brendan Morrison.
9:28 of 2nd period - Shot Misses the Net.
9:30 of 2nd period - Shot by Justin Williams.
9:30 of 2nd period - Shot Misses the Net.
9:51 of 2nd period - Minor Penalty to Keith Ballard for Hooking.
9:52 of 2nd period - Tim Connolly wins face-off versus Scott Gomez in Rangers zone.
10:52 of 2nd period - Shot by Justin Williams.
10:52 of 2nd period - Stopped by Niklas Backstrom without a rebound.
10:53 of 2nd period - John Madden wins face-off versus Tom Pyatt in Rangers zone.
11:19 of 2nd period - Off-side.
11:20 of 2nd period - Brendan Morrison wins face-off versus Scott Gomez in neutral zone.
11:48 of 2nd period - Shot by Pascal Dupuis.
11:48 of 2nd period - Goal by Pascal Dupuis - Rangers : 1 - Flyers : 2.
11:49 of 2nd period - Mikko Koivu wins face-off versus John Madden in neutral zone.
11:52 of 2nd period - Rostislav Klesla is hit by Andrei Kostitsyn and loses puck.
12:24 of 2nd period - Shot by Rostislav Klesla.
12:24 of 2nd period - Shot Blocked by Ian White.
12:50 of 2nd period - Shot by Radim Vrbata.
12:50 of 2nd period - Shot Misses the Net.
13:13 of 2nd period - Henrik Sedin is hit by Ladislav Smid and loses puck.
13:29 of 2nd period - Minor Penalty to Jay Bouwmeester for Hooking.
13:30 of 2nd period - Mikko Koivu wins face-off versus Brendan Morrison in Rangers zone.
13:51 of 2nd period - Shot by Pascal Dupuis.
13:51 of 2nd period - Deflect By Radim Vrbata.
13:51 of 2nd period - Stopped by Niklas Backstrom without a rebound.
13:52 of 2nd period - Tim Connolly wins face-off versus Henrik Sedin in Rangers zone.
14:46 of 2nd period - Mark Recchi is hit by Pascal Dupuis and loses puck.
15:17 of 2nd period - Shot by Brandon McMillan.
15:17 of 2nd period - Shot Blocked by Keith Ballard.
15:21 of 2nd period - Shot by Andrej Sekera.
15:21 of 2nd period - Stopped by Niklas Backstrom without a rebound.
15:22 of 2nd period - Henrik Sedin wins face-off versus Brendan Morrison in Rangers zone.
15:34 of 2nd period - Lee Stempniak is hit by Ian White and loses puck.
15:57 of 2nd period - Nikolai Kulemin is hit by Randy Jones and loses puck.
16:01 of 2nd period - Minor Penalty to Randy Jones for Roughing.
16:02 of 2nd period - Mike Cammalleri wins face-off versus Justin Williams in Flyers zone.
16:14 of 2nd period - Icing by Lubomir Visnovsky.
16:15 of 2nd period - Dan Cleary wins face-off versus Tim Connolly in Rangers zone.
16:28 of 2nd period - Shot by Lubomir Visnovsky.
16:28 of 2nd period - Shot Misses the Net.
16:30 of 2nd period - Shot by Lubomir Visnovsky.
16:30 of 2nd period - Goal by Lubomir Visnovsky - Rangers : 2 - Flyers : 2.
16:31 of 2nd period - Scott Gomez wins face-off versus John Madden in neutral zone.
16:50 of 2nd period - Shot by Scott Gomez.
16:50 of 2nd period - Stopped by Tomas Vokoun without a rebound.
16:51 of 2nd period - Tom Pyatt wins face-off versus Tim Connolly in Flyers zone.
17:01 of 2nd period - Icing by Andrej Sekera.
17:02 of 2nd period - Tim Connolly wins face-off versus Mike Cammalleri in Flyers zone.
17:58 of 2nd period - Shot by Pascal Dupuis.
17:58 of 2nd period - Shot Misses the Net.
18:00 of 2nd period - Shot by Pascal Dupuis.
18:00 of 2nd period - Stopped by Niklas Backstrom without a rebound.
18:01 of 2nd period - Mikko Koivu wins face-off versus John Madden in Rangers zone.
19:41 of 2nd period - Shot by Radim Vrbata.
19:41 of 2nd period - Stopped by Niklas Backstrom with a rebound.

Period #3

0:01 of 3rd period - Brendan Morrison wins face-off versus Henrik Sedin in neutral zone.
0:30 of 3rd period - Pascal Dupuis is hit by Mike Cammalleri and loses puck.
0:59 of 3rd period - Justin Williams is hit by Andrei Kostitsyn.
1:15 of 3rd period - Shot by Tim Connolly.
1:15 of 3rd period - Deflect By Raffi Torres.
1:15 of 3rd period - Shot Misses the Net.
1:25 of 3rd period - Shot by Radim Vrbata.
1:25 of 3rd period - Shot Misses the Net.
1:27 of 3rd period - Shot by Tim Connolly.
1:27 of 3rd period - Stopped by Niklas Backstrom with a rebound.
2:11 of 3rd period - Lee Stempniak is hit by Francis Bouillon.
2:22 of 3rd period - Minor Penalty to Andrei Kostitsyn for Slashing.
2:23 of 3rd period - Brendan Morrison wins face-off versus Scott Gomez in Rangers zone.
2:26 of 3rd period - Shot by Pascal Dupuis.
2:26 of 3rd period - Shot Blocked by Jay Bouwmeester.
2:28 of 3rd period - Shot by Kevin Bieksa.
2:28 of 3rd period - Shot Blocked by Keith Ballard.
2:34 of 3rd period - Shot by Brendan Morrison.
2:34 of 3rd period - Shot Blocked by Jay Bouwmeester.
2:36 of 3rd period - Shot by Kevin Bieksa.
2:36 of 3rd period - Shot Misses the Net.
2:38 of 3rd period - Shot by Kevin Bieksa.
2:38 of 3rd period - Stopped by Niklas Backstrom without a rebound.
2:39 of 3rd period - Henrik Sedin wins face-off versus Tim Connolly in Rangers zone.
2:54 of 3rd period - Shot by Radim Vrbata.
2:54 of 3rd period - Stopped by Niklas Backstrom without a rebound.
2:55 of 3rd period - Scott Gomez wins face-off versus Pascal Dupuis in Rangers zone.
3:43 of 3rd period - Jay Bouwmeester is hit by Raffi Torres and loses puck.
6:05 of 3rd period - Shot by Justin Williams.
6:05 of 3rd period - Stopped by Niklas Backstrom without a rebound.
6:06 of 3rd period - Tim Connolly wins face-off versus Tom Pyatt in Rangers zone.
6:30 of 3rd period - Shot by Radim Vrbata.
6:30 of 3rd period - Stopped by Niklas Backstrom without a rebound.
6:31 of 3rd period - Mark Recchi wins face-off versus Pascal Dupuis in Rangers zone.
6:49 of 3rd period - Off-side.
6:50 of 3rd period - Henrik Sedin wins face-off versus Tim Connolly in neutral zone.
7:08 of 3rd period - Shot by Radim Vrbata.
7:08 of 3rd period - Shot Blocked by Francis Bouillon.
7:12 of 3rd period - Shot by Tim Connolly.
7:12 of 3rd period - Shot Misses the Net.
7:14 of 3rd period - Shot by Tim Connolly.
7:14 of 3rd period - Shot Misses the Net.
7:20 of 3rd period - Shot by Radim Vrbata.
7:20 of 3rd period - Stopped by Niklas Backstrom without a rebound.
7:21 of 3rd period - Brendan Morrison wins face-off versus Scott Gomez in Rangers zone.
7:45 of 3rd period - Mike Weaver is hit by Kevin Bieksa and loses puck.
7:55 of 3rd period - Mark Recchi is hit by Kevin Bieksa and loses puck.
8:11 of 3rd period - Icing by Mike Weaver.
8:12 of 3rd period - Tim Connolly wins face-off versus Scott Gomez in Rangers zone.
9:13 of 3rd period - Shot by Dan Cleary.
9:13 of 3rd period - Goal by Dan Cleary - Rangers : 3 - Flyers : 2.
9:14 of 3rd period - Mikko Koivu wins face-off versus John Madden in neutral zone.
9:35 of 3rd period - Shot by Lee Stempniak.
9:35 of 3rd period - Shot Misses the Net.
9:37 of 3rd period - Shot by Niklas Hagman.
9:37 of 3rd period - Stopped by Niklas Backstrom without a rebound.
9:38 of 3rd period - Brendan Morrison wins face-off versus Tom Pyatt in Rangers zone.
9:39 of 3rd period - Shot by Justin Williams.
9:39 of 3rd period - Stopped by Niklas Backstrom with a rebound.
9:57 of 3rd period - Lubomir Visnovsky is hit by Pascal Dupuis and loses puck.
10:34 of 3rd period - Icing by Pascal Dupuis.
10:35 of 3rd period - Brendan Morrison wins face-off versus Mikko Koivu in Flyers zone.
10:56 of 3rd period - Shot by Lee Stempniak.
10:56 of 3rd period - Shot Misses the Net.
11:09 of 3rd period - Minor Penalty to Rostislav Klesla for Holding.
11:10 of 3rd period - Mikko Koivu wins face-off versus Tim Connolly in Flyers zone.
11:13 of 3rd period - Shot by Mike Cammalleri.
11:13 of 3rd period - Stopped by Tomas Vokoun without a rebound.
11:14 of 3rd period - Mikko Koivu wins face-off versus Tim Connolly in Flyers zone.
11:33 of 3rd period - Shot by Lubomir Visnovsky.
11:33 of 3rd period - Deflect By Mikko Koivu.
11:33 of 3rd period - Stopped by Tomas Vokoun with a rebound.
12:02 of 3rd period - Icing by Henrik Sedin.
12:03 of 3rd period - Henrik Sedin wins face-off versus Tim Connolly in Rangers zone.
13:30 of 3rd period - Shot by Scott Gomez.
13:30 of 3rd period - Shot Blocked by Rostislav Klesla.
13:32 of 3rd period - Shot by Keith Ballard.
13:32 of 3rd period - Shot Misses the Net.
13:34 of 3rd period - Shot by Mark Recchi.
13:34 of 3rd period - Shot Misses the Net.
13:36 of 3rd period - Shot by Mike Weaver.
13:36 of 3rd period - Stopped by Tomas Vokoun without a rebound.
13:37 of 3rd period - Kyle Brodziak wins face-off versus Tom Pyatt in Flyers zone.
14:34 of 3rd period - Shot by Nikolai Kulemin.
14:34 of 3rd period - Deflect By Mikko Koivu.
14:34 of 3rd period - Shot Blocked by Randy Jones.
14:36 of 3rd period - Shot by Mikko Koivu.
14:36 of 3rd period - Shot Misses the Net.
14:40 of 3rd period - Shot by Nikolai Kulemin.
14:40 of 3rd period - Shot Misses the Net.
14:42 of 3rd period - Shot by Andrei Kostitsyn.
14:42 of 3rd period - Deflect By Mikko Koivu.
14:42 of 3rd period - Shot Misses the Net.
15:18 of 3rd period - Shot by Raffi Torres.
15:18 of 3rd period - Stopped by Niklas Backstrom without a rebound.
15:19 of 3rd period - Tim Connolly wins face-off versus Henrik Sedin in Rangers zone.
15:34 of 3rd period - Shot by Raffi Torres.
15:34 of 3rd period - Shot Misses the Net.
15:36 of 3rd period - Shot by Radim Vrbata.
15:36 of 3rd period - Stopped by Niklas Backstrom without a rebound.
15:37 of 3rd period - Tim Connolly wins face-off versus Henrik Sedin in Rangers zone.
15:46 of 3rd period - Andrei Kostitsyn is hit by Raffi Torres and loses puck.
15:47 of 3rd period - Andrei Kostitsyn from Rangers is injured at 15:47 of 3rd period (Strained Left Knee).
15:48 of 3rd period - Mikko Koivu wins face-off versus Tim Connolly in Rangers zone.
16:12 of 3rd period - Radim Vrbata is hit by Francis Bouillon and loses puck.
16:40 of 3rd period - Minor Penalty to Pascal Dupuis for Roughing.
16:41 of 3rd period - Brendan Morrison wins face-off versus Scott Gomez in Flyers zone.
16:41 of 3rd period - Brendan Morrison is hit by Scott Gomez.
16:48 of 3rd period - Icing by Scott Gomez.
16:49 of 3rd period - Scott Gomez wins face-off versus Tim Connolly in Rangers zone.
17:09 of 3rd period - Mike Cammalleri is hit by Kevin Bieksa and loses puck.
17:39 of 3rd period - Icing by Jay Bouwmeester.
17:40 of 3rd period - Radim Vrbata wins face-off versus Henrik Sedin in Rangers zone.
17:51 of 3rd period - Henrik Sedin is hit by Radim Vrbata and loses puck.
17:55 of 3rd period - Icing by Jay Bouwmeester.
17:56 of 3rd period - John Madden wins face-off versus Henrik Sedin in Rangers zone.
18:41 of 3rd period - Shot by Nikolai Kulemin.
18:41 of 3rd period - Stopped by Tomas Vokoun without a rebound.
18:42 of 3rd period - Mikko Koivu wins face-off versus Pascal Dupuis in Flyers zone.
18:53 of 3rd period - Shot by Guillaume Latendresse.
18:53 of 3rd period - Deflect By Mikko Koivu.
18:53 of 3rd period - Shot Blocked by Andrei Markov.
18:57 of 3rd period - Shot by Mikko Koivu.
18:57 of 3rd period - Shot Misses the Net.
19:03 of 3rd period - Shot by Guillaume Latendresse.
19:03 of 3rd period - Stopped by Tomas Vokoun without a rebound.
19:04 of 3rd period - Brendan Morrison wins face-off versus Henrik Sedin in Flyers zone.
19:09 of 3rd period - Shot by Henrik Sedin.
19:09 of 3rd period - Stopped by Tomas Vokoun without a rebound.
19:10 of 3rd period - Henrik Sedin wins face-off versus Brendan Morrison in Flyers zone.
19:25 of 3rd period - Shot by Mike Cammalleri.
19:25 of 3rd period - Shot Misses the Net.
19:33 of 3rd period - Shot by Lubomir Visnovsky.
19:33 of 3rd period - Stopped by Tomas Vokoun with a rebound.
19:35 of 3rd period - Shot by Lubomir Visnovsky.
19:35 of 3rd period - Stopped by Tomas Vokoun without a rebound.
19:36 of 3rd period - Tim Connolly wins face-off versus Henrik Sedin in Flyers zone.
19:54 of 3rd period - Flyers, Tomas Vokoun is pulled from the net.
19:58 of 3rd period - Shot by Tim Connolly.
19:58 of 3rd period - Shot Blocked by Mark Recchi.


Output by the SimonT Hockey Simulator (STHS) for Stephane Roy -- Original Page W3C XHTML 1.0 Valid